 Dungeon Crawl Stone Soup version 0.21-a0-434-g806c6c2 (webtiles) character file.

2 mhoghedin the Charlatan (level 1, 0/9 HPs)
             Began as a Spriggan Artificer on Nov 8, 2017.
             Slain by a goblin (1 damage)
             ... on level 1 of the Dungeon.
             The game lasted 00:00:36 (229 turns).

mhoghedin the Charlatan (Spriggan Artificer)         Turns: 229, Time: 00:00:37

Health: 0/9        AC:  2    Str:  8    XL:     1   Next: 33%
Magic:  4/4        EV: 18    Int: 12    God:
Gold:   0          SH:  0    Dex: 16    Spells: 0/0 levels left

rFire    . . .     SeeInvis +   a - +0 short sword
rCold    . . .     Gourm    .   (shield restricted)
rNeg     . . .     Faith    .   b - +0 robe
rPois    .         Spirit   .   (helmet restricted)
rElec    .         Reflect  .   (no cloak)
rCorr    .         Harm     .   (gloves unavailable)
MR       .....                  (boots unavailable)
Stlth    ++........             (no amulet)
HPRegen  0.03/turn              (no ring)
MPRegen  0.09/turn              (no ring)

@: very quick
A: unfitting armour, see invisible, herbivore 3, speed 3, slow metabolism 2
a: no special abilities


You were on level 1 of the Dungeon.
You were not hungry.

You visited 1 branch of the dungeon, and saw 1 of its levels.

Inventory:

Hand Weapons
 a - a +0 short sword (weapon)
Armour
 b - a +0 robe (worn)
Wands
 c - a wand of flame (15/48)
 d - a wand of enslavement (15/24)
 e - a wand of random effects (15/48)
Comestibles
 f - a bread ration {@e1}


   Skills:
 - Level 0.7 Fighting
 + Level 1.2 Short Blades
 + Level 3.1 Dodging
 + Level 1.7 Stealth
 + Level 4.0 Evocations


You couldn't memorise any spells.
You didn't know any spells.

Dungeon Overview and Level Annotations

Branches:
Dungeon (1/15)

Altars:


Innate Abilities, Weirdness & Mutations

You are very small and have problems with some larger weapons.
You are too small for most types of armour.
You have supernaturally acute eyesight. (SInv)
You are a herbivore.
You cover ground extremely quickly.
You need consume almost no food.


Message History

Welcome, mhoghedin the Spriggan Artificer.
Will you prevail where others failed? Will you find the Orb of Zot?
Found a staircase leading out of the dungeon.
Unknown command.
Unknown command.
You open the large door.
A hobgoblin comes into view.
The hobgoblin shouts!
You hear a shout!
The hobgoblin throws a stone.
The stone misses you.
A hobgoblin comes into view.
There are monsters nearby!
There is a large open door here.
The hobgoblin throws a stone.
The stone hits you but does no damage.
The hobgoblin throws a stone.
The stone closely misses you.
There is a large open door here.
You see here 2 stones.
The hobgoblin throws a stone.
The stone closely misses you.
The hobgoblin throws a stone.
The stone barely misses you.
The hobgoblin throws a stone.
The stone completely misses you.
The hobgoblin throws a stone.
The stone misses you.
There is a large open door here.
The hobgoblin throws a stone.
The stone misses you.
There is a staircase leading out of the dungeon here.
There is a staircase leading out of the dungeon here.
You hit the hobgoblin. The hobgoblin misses you.
You hit the hobgoblin. The hobgoblin misses you.
The hobgoblin closely misses you.
You closely miss the hobgoblin. The hobgoblin closely misses you.
The hobgoblin misses you.
You hit the hobgoblin but do no damage. The hobgoblin misses you. x2
You hit the hobgoblin but do no damage. The hobgoblin misses you.
The hobgoblin closely misses you.
You hit the hobgoblin.
You kill the hobgoblin!
The hobgoblin hits you. The hobgoblin barely misses you.
You take 1 damage, and have 8/9 hp.
You hit the hobgoblin. The hobgoblin hits you.
Ouch! That really hurt!
You take 5 damage, and have 3/9 hp.
MASSIVE DAMAGE!!
You hit the hobgoblin but do no damage. The hobgoblin misses you.
You closely miss the hobgoblin. The hobgoblin completely misses you.
You hit the hobgoblin.
You kill the hobgoblin!
You start resting.
Health restored: 9 Unknown command.
There is a large open door here.
There is a large open door here.
You see here 4 stones.
There is a large open door here.
You see here 4 stones.
There is a large open door here.
You see here 20 stones.
As you open the door, it creaks loudly!
There is an open door here.
As you open the door, it creaks loudly!
A goblin comes into view.
You hear a shout!
The goblin shouts!
The goblin throws a stone.
The stone closely misses you.
A goblin is nearby!
A goblin is nearby!
A goblin comes into view.
The goblin shouts!
The goblin completely misses you.
The goblin throws a stone.
The stone completely misses you.
There is an open door here.
You see here a stone.
You barely miss the goblin. The goblin closely misses you.
You miss the goblin. The goblin hits you.
The goblin throws a stone.
The stone completely misses you.
You take 4 damage, and have 5/9 hp.
MASSIVE DAMAGE!!
There is an open door here.
The goblin throws a stone.
The stone barely misses you.
The goblin throws a stone.
The stone hits you.
* * * LOW HITPOINT WARNING * * *
You take 4 damage, and have 1/9 hp.
MASSIVE DAMAGE!!
You barely miss the goblin. You barely miss the goblin.
The goblin barely misses you. The goblin hits you.
You die...

###§≈§≈≈≈≈###
#≈≈≈§§...≈≈≈#
#...........#
######(###### ####
####8'8#### ##≈..
##...(.....## #§≈..
#...........##
#≈...##............#
+≈...(8@..(.<((.....
#≈...#gg.(.........#
#≈≈..##...........##
##≈.. ##.........##
#### ###8#8+8###
###+###


You could see 2 goblins.

Vanquished Creatures
  2 hobgoblins (D:1)
2 creatures vanquished.

Notes
Turn   | Place    | Note
-------+----------+-------------------------------------------
     0 | D:1      | mhoghedin the Spriggan Artificer began the quest for the Orb.
     0 | D:1      | Reached XP level 1. HP: 9/9 MP: 4/4
   225 | D:1      | HP: 1/9 [goblin/stone (4)]
   229 | D:1      | Slain by a goblin

Vault maps used:
D:1:      dpeg_arrival_morbid_curiosity

Action                   || total
-------------------------++-------
Melee: Short sword       ||    14
Armor: Robe              ||     1
Dodge: Dodged            ||    26

Table legend:
 A = Spawn XP
 B = Non-spawn XP
 C = Spawn XP percentage of total XP
 D = Spawn monster count
 E = Non-spawn monster count
 F = Spawn count percentage of total count
 G = Total turns spent on level
                    A         B        C        D         E        F      G
               +---------+---------+-------+---------+---------+-------+---------
         Total |       0 |       4 |   0.0 |       0 |       2 |   0.0 |   229
               +---------+---------+-------+---------+---------+-------+---------
           D:1 |       0 |       4 |   0.0 |       0 |       2 |   0.0 |   229
               +---------+---------+-------+---------+---------+-------+---------

Vault maps used:
D:1:      dpeg_arrival_morbid_curiosity

Table legend:
 A = Turns spent in this place as a percentage of turns spent in the entire game.
 B = Non-inter-level travel turns spent in this place as a percentage of non-inter-level travel turns spent in the entire game.
 C = Inter-level travel turns spent in this place as a percentage of turns spent in this place.
 D = Turns resting spent in this place as a percentage of non-inter-level travel turns spent in this place.
 E = Turns spent auto-exploring this place as a percentage of non-inter-level travel turns spent in this place.
 F = Non-inter-level travel turns spent in this place divided by the number of levels of this place that you've seen.
                   A       B       C       D       E      F
               +-------+-------+-------+-------+-------+----------------------
         Total | 100.0 | 100.0 |   0.0 |  78.2 |   7.0 | 229.0
       Dungeon | 100.0 | 100.0 |   0.0 |  78.2 |   7.0 | 229.0
               +-------+-------+-------+-------+-------+----------------------

Table legend:
 A = Kills in this place as a percentage of kills in entire the game.
 B = Kills by you in this place as a percentage of kills by you in the entire game.
 C = Kills by friends in this place as a percentage of kills by friends in the entire game.
 D = Other kills in this place as a percentage of other kills in the entire game.
 E = Experience gained in this place as a percentage of experience gained in the entire game.
 F = Experience gained in this place divided by the number of levels of this place that you have seen.
                   A       B       C       D       E      F
               +-------+-------+-------+-------+-------+----------------------
         Total | 100.0 | 100.0 |   N/A |   N/A | 100.0 |   4.0
       Dungeon | 100.0 | 100.0 |   N/A |   N/A | 100.0 |   4.0
               +-------+-------+-------+-------+-------+----------------------
